 Dungeon Crawl Stone Soup version 0.31.0-12-g77e489cdc1 (webtiles) character file.

Game seed: 10818935840022309177

742 gnacko the Ruffian (level 7, -4/66 HPs)
             Began as a Troll Earth Elementalist on Feb 11, 2024.
             Slain by a black bear (10 damage)
             ... on level 5 of the Dungeon.
             The game lasted 00:09:31 (2932 turns).

gnacko the Ruffian (Troll Earth Elementalist)       Turns: 2932, Time: 00:09:31

Health: -4/66      AC:  4    Str: 19    XL:     7   Next: 47%
Magic:  9/9        EV: 10    Int: 11    God:
Gold:   190        SH:  0    Dex: 10    Spells: 9/10 levels left

rFire   . .          .
                       - Unarmed
rCold   . . .        (no shield)
rNeg    . . .        a - +0 robe
rPois   .            (helmet restricted)
rElec   .            (no cloak)
rCorr   .            (gloves unavailable)
SInv    .            (boots unavailable)
Will    .....        (no amulet)
Stlth   +            (no ring)
HPRegen 1.11/turn    (no ring)
MPRegen 0.11/turn

%: no passive effects
@: no status effects
A: large, unfitting armour, claws 3, regeneration 1, shaggy fur 1, tough skin 1
a: no special abilities


You were on level 5 of the Dungeon.
You visited 1 branch of the dungeon, and saw 5 of its levels.

You collected 190 gold pieces.

Inventory:

Missiles
 g - 10 poisoned darts
Armour
 a - a +0 robe (worn)
Jewellery
 k - a +6 ring of dexterity
Wands
 l - a wand of roots (6)
 t - a wand of digging (3)
 u - a wand of flame (18)
Scrolls
 c - a scroll of revelation {unknown}
 d - 2 scrolls of identify {unknown}
 e - 3 scrolls of amnesia {unknown}
 m - a scroll of poison {unknown}
 n - a scroll of vulnerability {unknown}
 r - 2 scrolls of enchant armour {unknown}
Potions
 b - 2 potions of magic
 f - 3 potions of lignification {unknown}
 h - a potion of attraction {unknown}
 i - 4 potions of curing {unknown}
 j - 3 potions of mutation {unknown}
 o - a potion of heal wounds {unknown}
 p - a potion of invisibility {unknown}
 q - 2 potions of degeneration {unknown}
 s - a potion of might {unknown}


   Skills:
 + Level 2.5 Fighting
 + Level 3.1 Dodging
 - Level 1.0 Stealth
 * Level 4.4 Unarmed Combat
 - Level 2.0 Spellcasting
 - Level 2.0 Conjurations
 + Level 4.0 Earth Magic


You had 9 spell levels left.
You knew the following spells:

 Your Spells              Type           Power      Damage    Failure   Level
a - Sandblast             Erth           18%        2d7       5%          1

Your spell library contained the following spells:

 Spells                   Type           Power      Damage    Failure   Level
 Magic Dart               Conj           20%        1d4       13%         1
 Passwall                 Erth           9%         N/A       17%         3
 Stone Arrow              Conj/Erth      14%        3d7       26%         3
 Freeze                   Ice            4%         1d3       28%         1
 Blink                    Tloc           2%         N/A       41%         2
 Call Imp                 Summ           2%         N/A       41%         2
 Hailstorm                Conj/Ice       3%         3d5       50%         3
 Brom's Barrelling Bould  Conj/Erth      7%         2d3       63%         4
 Frozen Ramparts          Ice            2%         1d1       65%         3
 Petrify                  Alch/Erth      5%         N/A       77%         4


Dungeon Overview and Level Annotations

Branches:
Dungeon (5/15)
 Temple: D:4-7

Altars:
Gozag

Shops:
D:1 [

Annotations:
D:4 2 runed translucent doors, Peach3228's ghost, amateur DrEE


Innate Abilities, Weirdness & Mutations

You are too large for most types of armour.
You have claws for hands.
Your natural rate of healing is unusually fast.
You are covered in fur. (AC +1)
You have tough skin. (AC +1)


Message History

A black bear comes into view.
The sentinel's mark upon you fades away.
The black bear bites you. The black bear barely misses you. x2
You claw the black bear!
The black bear is heavily wounded.
The black bear barely misses you. The black bear claws you.
The black bear barely misses you.
You closely miss the black bear.
The black bear is heavily wounded.
The black bear closely misses you. The black bear claws you. x2
You claw the black bear!
The black bear is severely wounded.
The black bear closely misses you. The black bear misses you.
The black bear claws you but does no damage.
You barely miss the black bear.
The black bear is severely wounded.
You scratch the black bear.
The black bear is almost dead.
The black bear goes berserk!
You barely miss the black bear.
The black bear is almost dead.
The black bear closely misses you. x2
The black bear claws you but does no damage.
The black bear bites you! The black bear closely misses you.
The black bear claws you but does no damage.
You are too injured to fight recklessly!
You barely miss the black bear.
The black bear is almost dead.
The black bear barely misses you. The black bear claws you. x2
* * * LOW HITPOINT WARNING * * *
You scratch the black bear.
The black bear is almost dead.
The black bear bites you!
* * * LOW HITPOINT WARNING * * *
The black bear barely misses you. The black bear claws you.
* * * LOW HITPOINT WARNING * * *
You closely miss the black bear.
The black bear is almost dead.
The black bear bites you!
You die...

....... ....... #......
..... #### #'†####. ..#
#....#.# #.#
####.#.####+#.###
##....#..........####
###....@#........#....#
.......h#........####.#
###.....#........# #.##
#..<..'........# #..#
#.......#........# ##.#
........#.##'#'### #..
#.# ........#.##.#.# ###
####.# ........#.##.#.#
+....#
#.......#.##.#.#########


You could see a black bear (berserk).

Vanquished Creatures
  Sigmund (D:2)
  An ice beast (D:4)
  An ogre (D:5)
  A phantom (D:4)
  2 scorpions (D:5)
  A hound (D:5)
  Natasha (thrice) (D:2)
  3 adders
  A shadow imp (D:5)
  2 ribbon worms (D:3)
  A dart slug (D:2)
  An orc (D:3)
  13 ball pythons
  4 bats
  7 endoplasms
  5 goblins
  7 hobgoblins
  3 jackals (D:3)
  2 quokkas
  2 frilled lizards
  4 kobolds
  7 rats
72 creatures vanquished.

Notes
Turn   | Place    | Note
-------+----------+-------------------------------------------
     0 | D:1      | gnacko the Troll Earth Elementalist began the quest for the
                  | Orb.
     0 | D:1      | Reached XP level 1. HP: 16/16 MP: 1/1
    76 | D:1      | Found Gujesk's Armour Shop.
    89 | D:1      | Reached skill level 1 in Unarmed Combat
    89 | D:1      | Reached XP level 2. HP: 25/26 MP: 2/2
   702 | D:2      | Reached XP level 3. HP: 32/32 MP: 3/3
   964 | D:2      | Noticed Natasha
   974 | D:2      | Killed Natasha
   975 | D:2      | Reached skill level 1 in Fighting
   975 | D:2      | Reached XP level 4. HP: 28/41 MP: 5/5
  1032 | D:2      | Noticed Sigmund
  1038 | D:2      | Killed Sigmund
  1039 | D:2      | Reached skill level 1 in Conjurations
  1039 | D:2      | Reached XP level 5. HP: 39/48 MP: 2/6
  1311 | D:2      | Noticed Natasha
  1323 | D:2      | Killed Natasha
  1324 | D:2      | Reached XP level 6. HP: 35/55 MP: 7/7
  1373 | D:2      | Noticed Natasha
  1381 | D:2      | Killed Natasha
  1698 | D:3      | Found a faded altar of an unknown god.
  1858 | D:3      | Found an opulent altar of Gozag.
  2081 | D:4      | Noticed an ice beast
  2097 | D:4      | Killed an ice beast
  2278 | D:4      | Found a large runed translucent door.
  2279 | D:4      | Found a large runed translucent door.
  2289 | D:4      | Noticed Peach3228's ghost (amateur DrEE)
  2680 | D:5      | Entered Level 5 of the Dungeon
  2720 | D:5      | Reached XP level 7. HP: 52/65 MP: 9/9
  2932 | D:5      | Slain by a black bear

Illustrated notes

Levels and vault maps discovered:
D:1:      lightli_arrival_chessboard, layout_basic, serial_shops, shop
D:2:      layout_loops_ring, st_stairs_8, minmay_misc_feat_four_crosses,
          kennysheep_generic_room_14, uniq_natasha, uniq_sigmund
D:3:      layout_basic, overflow_temple_1_default,
          nicolae_ecumenical_snake_handling
D:4:      layout_cave_pods, ebering_ghost_disaster_area
D:5:      layout_basic, dk_yredelemnul_ordeal, cheibrodos_worm_habitat,
          kennysheep_big_empty_room, uniq_crazy_yiuf_cottage

Skill      XL: |  1  2  3  4  5  6  7 |
---------------+----------------------+-----
Unarmed Combat | 1 2 3 4 |  4.4
Dodging        | 2 3 |  3.1
Earth Magic    | 3 4 |  4.0
Fighting       | 1 2 |  2.5
Conjurations   | 1 2 |  2.0
Spellcasting   | 2 |  2.0
Stealth        | |  1.0

Action                     |  1- 3 |  4- 6 |  7- 9 || total
---------------------------+-------+-------+-------++-------
  Melee: Unarmed           |    87 |   106 |    31 ||   224
         Punch             |     3 |     1 |     1 ||     5
   Cast: Sandblast         |       |    12 |       ||    12
   Stab: Sleeping          |     1 |     2 |       ||     3
 Armour: Robe              |    49 |    60 |    34 ||   143
  Dodge: Dodged            |    42 |    53 |    25 ||   120
